 Dungeon Crawl Stone Soup version 0.31-a0-799-g6bc09d010c (webtiles) character file.

Game seed: 8337421537308774607

132 Dittersdorf the Trooper (level 4, -2/40 HPs)
             Began as a Draconian Fighter on Sept 19, 2023.
             Slain by Terence
             ... wielding a +0 flail
              (8 damage)
             ... on level 2 of the Dungeon.
             The game lasted 00:01:32 (1264 turns).

Dittersdorf the Trooper (Draconian Fighter)         Turns: 1264, Time: 00:01:32

Health: -2/40      AC:  5    Str: 21    XL:     4   Next: 92%
Magic:  4/4        EV: 12    Int:  8    God:
Gold:   23         SH:  4    Dex: 10    Spells: 3/3 levels left

rFire   . . .        a - +0 long sword
rCold   . . .        b - +0 buckler
rNeg    . . .        (body armour unavailable)
rPois   .            (helmet restricted)
rElec   .            (no cloak)
rCorr   .            (no gloves)
SInv    .            (no boots)
Will    .....        e - amulet of magic regeneration
Stlth   +            (no ring)
HPRegen 0.26/turn    (no ring)
MPRegen 0.49/turn

%: no passive effects
@: no status effects
A: AC +5, unfitting armour, cold-blooded
a: no special abilities


You were on level 2 of the Dungeon.
You visited 1 branch of the dungeon, and saw 2 of its levels.

You collected 23 gold pieces.

Inventory:

Hand Weapons
 a - a +0 long sword (weapon)
Armour
 b - a +0 buckler (worn)
Jewellery
 e - an amulet of magic regeneration (around neck)
Potions
 c - a potion of might
 d - 2 potions of haste {unknown}
 f - a potion of cancellation {unknown}


   Skills:
 + Level 4.2 Fighting
 + Level 3.0 Long Blades
 + Level 3.5 Dodging
 + Level 3.8 Shields


You had 3 spell levels left.
You didn't know any spells.
Your spell library contained the following spells:

 Spells                   Type           Power      Damage    Failure   Level
 Scorch                   Fire           0%         2d5       63%         2
 Hailstorm                Conj/Ice       0%         3d3       85%         3
 Anguish                  Hex/Necr       0%         N/A       99%         4
 Cause Fear               Hex            0%         N/A       99%         4
 Flame Wave               Conj/Fire      0%         2d4       99%         4
 Summon Ice Beast         Ice/Summ       0%         N/A       99%         4
 Simulacrum               Ice/Necr       0%         N/A       100%        6
 Summon Cactus Giant      Summ           0%         N/A       100%        6
 Enfeeble                 Hex            0%         N/A       100%        7


Dungeon Overview and Level Annotations

Branches:
Dungeon (2/15)

Altars:

Shops:
D:1 [

Annotations:
D:2 Terence


Innate Abilities, Weirdness & Mutations

Your plain brown scales are hard. (AC +5)
You cannot fit into any form of body armour.
You are cold-blooded and may be slowed by cold attacks.


Message History

HP restored.
There is an open door here.
You pick up a book of the Tundra and begin reading...
You add the spells Hailstorm, Summon Ice Beast and Simulacrum to your library.
As you open the door, it creaks loudly!
Found a thin citrine amulet.
There is an open door here.
e - an amulet of magic regeneration You start putting on your amulet.
You continue putting on your amulet of magic regeneration. x5
You finish putting on your amulet of magic regeneration.
e - an amulet of magic regeneration (around neck)
f - an amethyst potion Terence the Incautious comes into view.
He is wielding a +0 flail and carrying a wand of flame.
Terence shouts!
You see here a brown potion.
d - 2 brown potions (gained 1) Terence zaps a wand.
The puff of flame hits you. Terence closely misses you.
You hit Terence.
Your tail-slap misses Terence.
Terence is lightly wounded.
Terence says, "Did you write a will?
You should..."
You block Terence's attack.
You slash Terence!
Terence is heavily wounded.
Terence hits you with a +0 flail!
You barely miss Terence.
Terence is heavily wounded.
Terence barely misses you. Terence hits you with a +0 flail!
You barely miss Terence.
Terence is heavily wounded.
Terence hits you with a +0 flail.
You hit Terence but do no damage.
Terence is heavily wounded.
Terence zaps a wand.
The puff of flame hits you!
* * * LOW HITPOINT WARNING * * *
You hit Terence but do no damage.
Terence is heavily wounded.
Terence hits you with a +0 flail!
You die...

##.###§.≈§§#
##..#
#≈≈§≈§#
###..##
###+###
##...##
#..### ##.##
##..# #..##
##@## #.@#
#..## #..#
#... #...
###.. .. ..#


You could see Terence.

Vanquished Creatures
  Natasha (D:2)
  An adder (D:2)
  6 gnolls (D:2)
  3 ball pythons (D:1)
  4 endoplasms (D:1)
  A giant cockroach (D:2)
  5 goblins
  7 hobgoblins
  2 quokkas (D:1)
  5 bats
  2 frilled lizards
  3 kobolds
  3 rats (D:1)
43 creatures vanquished.

Notes
Turn   | Place    | Note
-------+----------+-------------------------------------------
     0 | D:1      | Dittersdorf the Draconian Fighter began the quest for the
                  | Orb.
     0 | D:1      | Reached XP level 1. HP: 19/19 MP: 1/1
   114 | D:1      | Reached XP level 2. HP: 26/26 MP: 2/2
   547 | D:1      | Reached XP level 3. HP: 6/33 MP: 3/3
   816 | D:1      | Found Puir's Armour Shop.
   848 | D:2      | Noticed Natasha
   859 | D:2      | Killed Natasha
   975 | D:2      | Reached XP level 4. HP: 35/40 MP: 4/4
   980 | D:2      | Reached skill level 4 in Fighting
  1251 | D:2      | Noticed Terence
  1264 | D:2      | Slain by Terence

Illustrated notes

Levels and vault maps discovered:
D:1:      dpeg_arrival_round_b, layout_basic, serial_shops, shop_fountains
D:2:      layout_basic, hangedman_glass_teeth, amcnicky_mini_corridor_feature,
          kennysheep_generic_room_13, uniq_natasha, uniq_terence

Skill      XL: |  1  2  3  4 |
---------------+-------------+-----
Dodging        | 3 |  3.5
Fighting       | 4 |  4.2
Long Blades    | 3 |  3.0
Shields        | |  3.8

Action                     |  1- 3 |  4- 6 || total
---------------------------+-------+-------++-------
  Melee: Long sword        |   104 |    38 ||   142
         Tailslap          |    11 |     3 ||    14
 Armour: Skin              |    58 |    21 ||    79
  Dodge: Dodged            |    84 |    32 ||   116
  Block: Buckler           |    22 |     7 ||    29

Table legend: (Time is in decaauts)
 A = Elapsed time spent in this place.
 B = Non-inter-level travel time spent in this place.
 C = Inter-level travel time spent in this place.
 D = Time resting spent in this place.
 E = Time spent auto-exploring this place.
 F = Levels seen in this place.
 G = Mean time per level.
                   A        B        C        D        E       F      G
               +--------+--------+--------+--------+--------+-----+--------+
         Total |   1311 |   1266 |     45 |     74 |    876 |   2 |  655.5 |
       Dungeon |   1311 |   1266 |     45 |     74 |    876 |   2 |  655.5 |
               +--------+--------+--------+--------+--------+-----+--------+

Top non-repeatable levels by time:
     D:1: 970 daAuts
     D:2: 341 daAuts
